 Dungeon Crawl Stone Soup version 0.26-a0-682-g294304f6e8 (webtiles) character file.

Game seed: 2989462020836148908

1101 Ijustatesigmund the Sneak (level 8, -3/42 HPs)
             Began as a Spriggan Warper on Oct 20, 2020.
             Blown up by a gnoll (26 damage)
             ... with a disintegration bolt
             ... on level 5 of the Dungeon.
             The game lasted 00:17:39 (6488 turns).

Ijustatesigmund the Sneak (Spriggan Warper)         Turns: 6488, Time: 00:17:39

Health: -3/42      AC:  7    Str: 13    XL:     8   Next: 10%
Magic:  13/13      EV: 22    Int: 14    God:
Gold:   237        SH:  0    Dex: 18    Spells: 7/12 levels left

rFire    . . .     SeeInvis +   a - +0 rapier
rCold    . . .     Faith    .   (shield restricted)
rNeg     . . .     Spirit   .   b - +0 steam dragon scales
rPois    .         Reflect  .   (helmet restricted)
rElec    .         Harm     .   u - +1 cloak
rCorr    .         Rampage  .   (gloves unavailable)
MR       +....                  (boots unavailable)
Stlth    ++++......             (no amulet)
HPRegen  0.14/turn              h - +6 ring of strength
MPRegen  0.13/turn              r - ring of wizardry

@: very quick
A: very small, unfitting armour, see invisible, speed 3
a: no special abilities


You were on level 5 of the Dungeon.
You visited 1 branch of the dungeon, and saw 6 of its levels.

You collected 237 gold pieces.

Inventory:

Hand Weapons
 a - a +0 rapier (weapon)
Missiles
 c - 22 poisoned darts (quivered)
 e - 4 boomerangs of dispersal
 m - 6 boomerangs
Armour
 b - +0 steam dragon scales (worn)
 u - a +1 cloak (worn)
Jewellery
 h - a +6 ring of strength (left hand)
 r - a ring of wizardry (right hand)
 s - an uncursed ring of positive energy
Scrolls
 d - a scroll of blinking
 g - 6 scrolls of teleportation
 i - 4 scrolls of remove curse
 q - a scroll of amnesia
Potions
 f - a potion of heal wounds
 k - 2 potions of haste
 l - 4 potions of curing
 n - a potion of magic
 o - 2 potions of might {unknown}


   Skills:
 - Level 4.3 Fighting
 - Level 5.7 Short Blades
 - Level 1.0 Throwing
 + Level 2.0 Armour
 - Level 6.3 Dodging
 - Level 6.6 Stealth
 - Level 2.6 Spellcasting
 - Level 4.4 Translocations


You had 7 spell levels left.
You knew the following spells:

 Your Spells              Type           Power        Failure   Level
a - Blink                 Tloc           N/A          2%          2
b - Lesser Beckoning      Tloc           ##........   4%          3

Your spell library contained the following spells:

 Spells                   Type           Power        Failure   Level
 Gell's Gravitas          Tloc           ##........   4%          3
 Teleport Other           Tloc           ##......     4%          3
 Passage of Golubria      Tloc           N/A          16%         4


Dungeon Overview and Level Annotations

Branches:
Dungeon (6/15)
 Temple: D:4-7

Altars:
Cheibriados
Fedhas
Gozag
Sif Muna
Trog
Wu Jian


Innate Abilities, Weirdness & Mutations

You are very small and have problems with some larger weapons.
You are too small for most types of armour.
You have supernaturally acute eyesight. (SInv)
You cover ground extremely quickly.


Message History

Press: ? - help, Shift-Dir - straight line, f/p - gnoll
Aim: a gnoll, wielding a +0 spear and carrying a wand of disintegration (8) (moderately wounded, poisoned)
You throw a poisoned dart. The poisoned dart hits the gnoll.
The gnoll looks even sicker.
The gnoll is moderately wounded.
The gnoll zaps a wand.
You resist with some effort.
Throwing (i - inventory. (/) - cycle)
c - 24 poisoned darts (quivered)
Press: ? - help, Shift-Dir - straight line, f/p - gnoll
Aim: a gnoll, wielding a +0 spear and carrying a wand of disintegration (7) (moderately wounded, very poisoned)
You throw a poisoned dart. The poisoned dart hits the gnoll.
The gnoll looks even sicker.
The gnoll is moderately wounded.
Throwing (i - inventory. (/) - cycle)
c - 23 poisoned darts (quivered)
Press: ? - help, Shift-Dir - straight line, f/p - gnoll
Aim: a gnoll, wielding a +0 spear and carrying a wand of disintegration (7) (heavily wounded, very poisoned)
You throw a poisoned dart. The poisoned dart hits the gnoll.
The gnoll is heavily wounded.
The gnoll zaps a wand.
You are blasted!
Ouch! That really hurt!
You die...

#######################
#....(((g.....@........
#.###################.# #.# #.#
### ###.## #########.# #.# #....#
#######.........####.#
#....####........#####.......####
#......##........#####.###.......
###....##........##<##.# #.#..###
###....##........##.##.# #.#....#


You could see a gnoll (very poisoned).

Vanquished Creatures
  Grinder (D:4)
  Eustachio (D:4)
  2 steam dragons (D:5)
  An ice beast (D:3)
  An ogre (D:4)
  A centaur zombie (D:5)
  A hound (D:5)
  An orc priest (D:4)
  2 orc wizards
  An iguana (D:5)
  A worker ant (D:5)
  A gnoll (D:5)
  4 adders
  An ooze (D:4)
  2 worms
  3 dart slugs
  2 leopard geckos
  14 orcs
  3 giant cockroaches
  5 goblins
  7 hobgoblins
  4 jackals
  2 quokkas (D:4)
  A ball python (D:3)
  10 bats
  3 frilled lizards
  5 kobolds
  A quokka skeleton (D:4)
  5 rats
86 creatures vanquished.

Vanquished Creatures (others)
  13 fungi (D:5)
13 creatures vanquished.

Grand Total: 99 creatures vanquished

Notes
Turn   | Place    | Note
-------+----------+-------------------------------------------
     0 | D:1      | Ijustatesigmund the Spriggan Warper began the quest for the
                  | Orb.
     0 | D:1      | Reached XP level 1. HP: 10/10 MP: 5/5
   203 | D:2      | Found a bloodstained altar of Trog.
   206 | D:2      | Found an opulent altar of Gozag.
   240 | D:2      | Reached XP level 2. HP: 4/15 MP: 6/6
   246 | D:2      | Learned a level 2 spell: Blink
  1473 | D:1      | Reached XP level 3. HP: 18/18 MP: 8/8
  2238 | D:2      | Found an ornate altar of the Wu Jian Council.
  2240 | D:2      | Found a blossoming altar of Fedhas.
  2241 | D:2      | Found a snail-covered altar of Cheibriados.
  2241 | D:2      | Found a shimmering blue altar of Sif Muna.
  2561 | D:3      | Reached skill level 1 in Stealth
  2930 | D:3      | Noticed an ice beast
  2939 | D:3      | Killed an ice beast
  2939 | D:3      | Reached XP level 4. HP: 24/24 MP: 9/9
  2939 | D:3      | Reached XP level 5. HP: 28/28 MP: 10/10
  4094 | D:4      | Learned a level 3 spell: Lesser Beckoning
  4145 | D:4      | Noticed Eustachio
  4168 | D:4      | Killed Eustachio
  4168 | D:4      | Reached XP level 6. HP: 20/32 MP: 11/11
  4714 | D:4      | Noticed Grinder
  4722 | D:4      | Killed Grinder
  4722 | D:4      | Reached skill level 5 in Short Blades
  4722 | D:4      | Reached skill level 5 in Dodging
  4722 | D:4      | Reached skill level 5 in Stealth
  4722 | D:4      | Reached XP level 7. HP: 16/37 MP: 12/12
  5450 | D:5      | Entered Level 5 of the Dungeon
  5659 | D:5      | Noticed a steam dragon
  5661 | D:5      | Noticed a steam dragon
  6033 | D:5      | Killed a steam dragon
  6294 | D:5      | Killed a steam dragon
  6294 | D:5      | Reached skill level 1 in Armour
  6294 | D:5      | Reached XP level 8. HP: 40/42 MP: 13/13
  6488 | D:5      | Blown up by a gnoll

Illustrated notes

Levels and vault maps discovered:
D:1:      saegor_arrival_simple_a, layout_basic
D:2:      layout_loops_ring, bloody_trog,
          chequers_temple_overflow_statue_of_worship,
          nicolae_gozag_cash_rules_everything_around_me
D:3:      layout_basic, minivault_27
D:4:      layout_cave_pods, uniq_eustachio, uniq_grinder
D:5:      kennysheep_steamy, layout_basic
D:6:      layout_basic, overflow_temple_1_default, serial_shops, shop,
          uniq_prince_ribbit1

Skill      XL: |  1  2  3  4  5  6  7  8 |
---------------+-------------------------+-----
Fighting       | 2 3 4 |  4.3
Short Blades   | 3 4 5 |  5.7
Stealth        | 3 4 5 6 |  6.6
Dodging        | 4 5 6 |  6.3
Armour         | 1 2 |  2.0
Throwing       | |  1.0
Spellcasting   | |  2.6
Translocations | |  4.4

Action                   |  1- 3 |  4- 6 |  7- 9 || total
-------------------------+-------+-------+-------++-------
Melee: Short sword       |   150 |    40 |       ||   190
       Rapier            |       |    23 |   112 ||   135
Throw: Dart              |    37 |    13 |    47 ||    97
       Boomerang         |     1 |       |       ||     1
 Cast: Blink             |       |       |     3 ||     3
Evoke: Wand              |     1 |     3 |     2 ||     6
  Use: Scroll            |     5 |     2 |     6 ||    13
       Potion            |       |       |     1 ||     1
 Stab: Sleeping          |     4 |     5 |       ||     9
Armor: Robe              |    23 |     2 |     7 ||    32
       Steam dragon scal |       |       |     5 ||     5
Dodge: Dodged            |   169 |    48 |   114 ||   331

Table legend: (Time is in decaauts)
 A = Elapsed time spent in this place.
 B = Non-inter-level travel time spent in this place.
 C = Inter-level travel time spent in this place.
 D = Time resting spent in this place.
 E = Time spent auto-exploring this place.
 F = Levels seen in this place.
 G = Mean time per level.
                   A        B        C        D        E       F      G
               +--------+--------+--------+--------+--------+-----+--------+
         Total |   5126 |   5046 |     80 |   2038 |   2161 |   6 |  854.3 |
       Dungeon |   5126 |   5046 |     80 |   2038 |   2161 |   6 |  854.3 |
               +--------+--------+--------+--------+--------+-----+--------+

Top non-repeatable levels by time:
     D:4: 1596 daAuts
     D:1: 1149 daAuts
     D:2: 815 daAuts
     D:3: 753 daAuts
     D:5: 718 daAuts
     D:6: 94 daAuts
